AoeStats
← MC 14/60

Arena

504880243Analyzed
2v2 RM · 25d ago on Sep 6, 2026· 30m 14s· 4 players
Game mode
Random Map
Map size
Medium (4 player)
Population
200
Speed
Normal
Resources
Standard
Victory
Conquest
Starting age
Dark Age
Ending age
Imperial Age
RankedLock teamsTeams togetherTeam positionsShared explorationLock speedFull tech treeHidden civsTurbo modeCheats
Victory
Defeat
🇬🇧 Celts · United Kingdom
1244
+15
🇨🇴 Poles · Colombia
1229
+15
🇵🇪 Vikings · Peru
1220
-15
🇵🇪 Bohemians · Peru
1218
-15
SURTIME
5:14 Loom
11:10 Feudal Age
15:49 Castle Age
14:03 Double-Bit Axe
19:11 Redemption
21:37 Horse Collar
23:31 Sanctity
23:21 Fervor
32:16 Imperial Age
MC 14/60
7:04 Loom
9:46 Feudal Age
11:40 Double-Bit Axe
14:57 Fletching
20:26 Castle Age
21:03 Bodkin Arrow
22:09 Bow Saw
22:35 Gold Mining
27:18 Town Watch
EnglishFrank
0:28 Loom
10:07 Feudal Age
10:53 Double-Bit Axe
16:57 Castle Age
14:58 Horse Collar
16:06 Forging
15:57 Scale Mail Armor
15:50 Gold Mining
16:08 Arson
22:56 Fletching
27:24 Iron Casting
SpartanLee
2:58 Loom
9:29 Feudal Age
10:08 Double-Bit Axe
18:48 Castle Age
18:28 Fletching
19:31 Wheelbarrow
20:10 Bodkin Arrow
29:30 Scale Mail Armor
31:03 Hand Cart
Connection lost

Rejoining the realm…

Still unreachable

The connection could not be restored.

Session expired

The server has moved on; the page needs a fresh start.